 Dungeon Sprint DCSS version 0.19-a0-1827-g174f941 (webtiles) character file.

2916 poirepourri the Eclecticist (level 9, -4/46 HPs)
             Began as a Deep Elf Fire Elementalist on Oct 7, 2016.
             Was a Believer of Vehumet.
             Slain by a hornet (7 damage)
             ... while paralysed by a hornet
             ... in the Dungeon (Sprint I: "Red Sonja").
             The game lasted 00:05:10 (1079 turns).

poirepourri the Eclecticist (DEFE)                  Turns: 1079, Time: 00:05:10

Health: -4/46      AC:  4    Str:  5    XL:     9   Next: 50%
Magic:  0/34       EV:  2    Int: 26    God:    Vehumet [**....]
Gold:   257        SH:  0    Dex: 15    Spells: 9 memorised, 22 levels left

rFire  . . .     SeeInvis .     (no weapon)
rCold  . . .     Gourm    .     l - +2 robe {MR+}
rNeg   . . .     Faith    .     (no shield)
rPois  .         Spirit   +     (no helmet)
rElec  .         Dismiss  .     (no cloak)
rCorr  .         Reflect  .     (no gloves)
MR     +....     Harm     .     (no boots)
Stlth  ++........ NoTele   +    d - amulet of guardian spirit
                                (no ring)
                                k - +2 ring of intelligence

@: paralysed, lethally poisoned (-4 -> -25), slowed
A: no striking features
a: Renounce Religion


You were in the Dungeon.
You worshipped Vehumet.
Vehumet was pleased with you.
You were not hungry.

You visited 1 branch You collected 630 gold pieces.
You spent 373 gold pieces at shops.

Inventory:

Armour
 l - a +2 robe of magic resistance (worn)
Jewellery
 d - an amulet of guardian spirit (around neck)
 k - a +2 ring of intelligence (left hand)
Scrolls
 i - a scroll of blinking
Potions
 f - a potion of haste
 g - a potion of magic
 h - a potion of agility {unknown}
Books
 a - a book of Conjurations

   Spells                             Type                      Level
   a - Magic Dart                     Conjuration                  1
   b - Searing Ray                    Conjuration                  2
   c - Dazzling Spray                 Conjuration/Hexes            3
   d - Fulminant Prism                Conjuration/Hexes            4
   e - Iskenderun's Mystic Blast      Conjuration                  4
   f - Iskenderun's Battlesphere      Conjuration/Charms           5
 b - a book of Flames

   Spells                             Type                      Level
   a - Flame Tongue                   Conjuration/Fire             1
   b - Throw Flame                    Conjuration/Fire             2
   c - Conjure Flame                  Conjuration/Fire             3
   d - Inner Flame                    Hexes/Fire                   3
   e - Sticky Flame                   Conjuration/Fire             4
   f - Fireball                       Conjuration/Fire             5
Comestibles
 c - a bread ration
 j - a meat ration


   Skills:
 + Level 0.5 Fighting
 - Level 2.4 Dodging
 - Level 2.4 Stealth
 - Level 0.7 Unarmed Combat
 * Level 19.1 Spellcasting
 + Level 9.1 Conjurations
 + Level 13.9 Fire Magic


You had 22 spell levels left.
You knew the following spells:

 Your Spells              Type           Power        Failure   Level  Hunger
a - Flame Tongue          Conj/Fire      #####        0%          1    None
b - Throw Flame           Conj/Fire      ######       1%          2    None
c - Conjure Flame         Conj/Fire      ######..     1%          3    None
d - Inner Flame           Hex/Fire       ######..     1%          3    None
e - Sticky Flame          Conj/Fire      ######..     1%          4    None
f - Fireball              Conj/Fire      ######....   1%          5    None
g - Magic Dart            Conj           ####         1%          1    None
h - Searing Ray           Conj           ######       1%          2    None
i - Dazzling Spray        Conj/Hex       #####.       1%          3    None


Dungeon Overview and Level Annotations

Branches:
Dungeon (1/1)

Altars:
Cheibriados
Dithmenos
Elyvilon
Fedhas
Gozag
Hepliaklqana
Kikubaaqudgha
Makhleb
Nemelex Xobeh
Okawaru
Qazlal
Ru
Sif Muna
Trog
Uskayaw
Vehumet
Xom
Yredelemnul
Zin
The Shining One
Jiyva
Lugonu

Shops:
D *[


Message History

Confirm with . or Enter, or press ? or * to list all spells.
Aiming: Flame Tongue
Press: ? - help, Shift-Dir - straight line, f/p - hornet
Aim: a hornet (heavily wounded, blind)
The flame tongue hits the hornet.
The hornet is heavily wounded.
* * * LOW HITPOINT WARNING * * *
You feel sick.
You feel much better.
You feel sick.
The hornet is no longer blind.
The hornet stings you!!
* * * LOW HITPOINT WARNING * * *
You suddenly lose the ability to move!
* * * LOW HITPOINT WARNING * * *
You feel sick. The hornet stings you.
* * * LOW HITPOINT WARNING * * *
You are more poisoned.
You feel as though you will be slow longer.
* * * LOW HITPOINT WARNING * * *
You feel sick. The hornet stings you!
You die...

#.)#####'#####'#__####
#..####..#[..#.####§[#
#..#__####..##.#≈§≈§.#
#..#_____##'#).+≈§≈§)§
#⌠⌠#_.∩...'..._#§§§§.#
####_..__##_(#'##§###
#_____###'#(#[[..###
#########.####'###(##
+...'@y...'.∩#
#...########## ##.##
#+#


You could see a hornet.

Vanquished Creatures
  2 centaur warriors (D)
  Sonja (D)
  A deep troll (D)
  A slime creature (D)
  Sigmund (D)
  A yak (D)
  An ogre (D)
  A jelly (D)
  Ijyb (D)
10 creatures vanquished.

Notes
Turn   | Place    | Note
-------+----------+-------------------------------------------
     0 | D        | poirepourri the Deep Elf Fire Elementalist began the quest for the Orb.
     0 | D        | Reached XP level 1. HP: 10/10 MP: 6/6
     5 | D        | Noticed Ijyb
    20 | D        | Killed Ijyb
    20 | D        | Reached skill level 5 in Spellcasting
    20 | D        | Reached skill level 5 in Fire Magic
    20 | D        | Reached XP level 2. HP: 15/15 MP: 1/10
   102 | D        | Noticed an ogre
   105 | D        | Killed an ogre
   105 | D        | Reached skill level 8 in Spellcasting
   105 | D        | Reached XP level 3. HP: 19/19 MP: 6/14
   105 | D        | Reached XP level 4. HP: 24/24 MP: 6/16
   214 | D        | Learned a level 2 spell: Throw Flame
   218 | D        | Learned a level 3 spell: Conjure Flame
   222 | D        | Learned a level 3 spell: Inner Flame
   227 | D        | Learned a level 4 spell: Sticky Flame
   250 | D        | Noticed Sigmund
   302 | D        | Killed Sigmund
   302 | D        | Reached skill level 11 in Spellcasting
   302 | D        | Reached XP level 5. HP: 19/28 MP: 7/20
   413 | D        | Found a deep blue altar of Sif Muna.
   416 | D        | Found a radiant altar of Vehumet.
   421 | D        | Reached skill level 10 in Fire Magic
   421 | D        | Reached XP level 6. HP: 32/32 MP: 17/22
   456 | D        | Became a worshipper of Vehumet
   463 | D        | Learned a level 5 spell: Fireball
   464 | D        | Found Wearuav's General Store.
   464 | D        | Found an ancient bone altar of Kikubaaqudgha.
   464 | D        | Found a hazy altar of Hepliaklqana.
   464 | D        | Found a stormy altar of Qazlal.
   464 | D        | Found a hide-covered altar of Uskayaw.
   464 | D        | Found a blossoming altar of Fedhas.
   464 | D        | Found a bloodstained altar of Trog.
   464 | D        | Found an iron altar of Okawaru.
   464 | D        | Found a basalt altar of Yredelemnul.
   464 | D        | Found a glowing golden altar of the Shining One.
   464 | D        | Found a snail-covered altar of Cheibriados.
   464 | D        | Found a sacrificial altar of Ru.
   464 | D        | Found a glowing silver altar of Zin.
   464 | D        | Found a shadowy altar of Dithmenos.
   464 | D        | Found a white marble altar of Elyvilon.
   464 | D        | Noticed a yak
   482 | D        | Killed a yak
   482 | D        | Reached skill level 12 in Spellcasting
   605 | D        | Found an opulent altar of Gozag.
   606 | D        | Found a sparkling altar of Nemelex Xobeh.
   610 | D        | Bought a +2 ring of intelligence for 105 gold pieces
   610 | D        | Bought a potion of heal wounds for 70 gold pieces
   610 | D        | Bought a beef jerky for 21 gold pieces
   626 | D        | Found a burning altar of Makhleb.
   626 | D        | Found a shimmering altar of Xom.
   626 | D        | Noticed a slime creature
   644 | D        | Killed a slime creature
   644 | D        | Reached skill level 13 in Spellcasting
   644 | D        | Reached skill level 5 in Conjurations
   644 | D        | Reached XP level 7. HP: 34/36 MP: 17/26
   670 | D        | Found a viscous altar of Jiyva.
   670 | D        | Found a corrupted altar of Lugonu.
   697 | D        | Noticed Sonja
   699 | D        | Killed Sonja
   699 | D        | Reached * piety under Vehumet
   699 | D        | Offered knowledge of Shock by Vehumet.
   699 | D        | Reached skill level 15 in Spellcasting
   699 | D        | Reached XP level 8. HP: 28/41 MP: 16/29
   791 | D        | Noticed a deep troll
   803 | D        | Killed a deep troll
   803 | D        | Reached skill level 17 in Spellcasting
   913 | D        | Found Qyizohe's Armour Emporium.
   919 | D        | Bought a +2 robe of magic resistance for 177 gold pieces
   986 | D        | Learned a level 1 spell: Magic Dart
   989 | D        | Learned a level 2 spell: Searing Ray
   993 | D        | Learned a level 3 spell: Dazzling Spray
  1061 | D        | Noticed a centaur warrior
  1064 | D        | Noticed a centaur warrior
  1066 | D        | Killed a centaur warrior
  1066 | D        | Reached skill level 18 in Spellcasting
  1066 | D        | Reached XP level 9. HP: 21/46 MP: 8/33
  1066 | D        | Killed a centaur warrior
  1066 | D        | Reached ** piety under Vehumet
  1066 | D        | Offered knowledge of Sting by Vehumet.
  1066 | D        | Reached skill level 19 in Spellcasting
  1073 | D        | Paralysed by a hornet for 2 turns
  1077 | D        | Paralysed by a hornet for 3 turns
  1079 | D        | Slain by a hornet

Vault maps used:
D:        dungeon_sprint_1

Skill      XL: |  1  2  3  4  5  6  7  8  9 |
---------------+----------------------------+-----
Spellcasting   | 5 8 11 13 15 18 19 | 19.1
Fire Magic     | 5 7 9 10 11 12 13 | 13.9
Conjurations   | 2 3 4 5 6 8 9 |  9.1
Fighting       | |  0.5
Dodging        | |  2.4
Stealth        | |  2.4
Unarmed Combat | |  0.7

Action                   |  1- 3 |  4- 6 |  7- 9 || total
-------------------------+-------+-------+-------++-------
Melee: Unarmed           |     8 |       |       ||     8
 Cast: Flame Tongue      |     8 |    15 |     6 ||    29
       Conjure Flame     |       |     9 |     2 ||    11
       Fireball          |       |     2 |     6 ||     8
       Throw Flame       |       |       |     4 ||     4
       Dazzling Spray    |       |       |     2 ||     2
  Use: Potion            |     1 |     1 |     3 ||     5
  Eat: Beef jerky        |       |     1 |       ||     1
Armor: Robe              |       |     1 |     1 ||     2
Dodge: Dodged            |     7 |     6 |     5 ||    18
